Map: Scythe of Amon

Players

виктор

  • Race: Terran Terran
  • Spawn Location: 5:00

NamroodTuo

  • Race: Terran Terran
  • Spawn Location: 5:00

VOD

Have the link to the VOD?

Description

Time

  • Played on: Jan. 25, 2023, 7:48 a.m.
  • Length: 23:13
Show
View Real Time Build Order
Export as new Build Order

виктор Terran 

Build Orders:  

Get SALT Encoding   

  12  0:16  Supply Depot  
  12  0:27  Refinery  
  12  0:35  Refinery  
  12  0:40  SCV  
  13  0:57  SCV  
  14  1:21  Barracks  
  14  1:55  Orbital Command  
  14  1:58  Barracks Reactor  
  14  2:09  Supply Depot  
  14  2:24  Engineering Bay  
  14  2:52  SCV  
  14  2:55  Marine x2  
  17  3:05  Marine  
  17  3:06  Marine  
  17  3:09  SCV  
  20  3:15  Marine  
  20  3:18  Factory  
  21  3:36  SCV  
  22  3:53  SCV  
  22  4:22  Factory Tech Lab  
  22  4:28  Armory  
  22  4:35  SCV  
  23  4:52  SCV  
  24  5:09  SCV  
  25  5:26  SCV  
  26  5:43  SCV  
  27  6:17  Starport  
  27  6:18  Terran Vehicle and Ship Weapons Level 1  
  27  7:13  Fusion Core  
  27  7:14  Starport Tech Lab  
  27  7:54  Starport  
  27  8:23  Weapon Refit  
  27  8:29  Supply Depot  
  27  8:30  Battlecruiser  
  27  8:33  Supply Depot  
  27  8:36  Supply Depot  
  33  8:42  Supply Depot  
  33  8:46  Supply Depot, Starport Tech Lab  
  33  8:49  Supply Depot  
  33  8:53  Supply Depot  
  33  8:55  Starport  
  33  9:00  Supply Depot  
  33  9:03  Supply Depot  
  33  9:05  Terran Vehicle and Ship Weapons Level 2  
  33  9:08  Supply Depot  
  33  9:32  Battlecruiser  
  37  12:13  Battlecruiser  
  37  12:15  Advanced Optics  
  37  12:16  Battlecruiser  
  49  13:24  Battlecruiser  
  54  14:15  Terran Vehicle And Ship Armor Level 1  
  36  15:47  Battlecruiser  
  36  15:52  Battlecruiser  
  48  16:34  Battlecruiser  
  22  18:14  Battlecruiser  
  22  18:19  Battlecruiser  
  34  18:56  Terran Vehicle And Ship Armor Level 2  
  34  19:51  Starport Tech Lab  
  34  20:09  Battlecruiser  
  40  21:01  Battlecruiser  
  28  21:57  Battlecruiser  
Show
View Real Time Build Order
Export as new Build Order

NamroodTuo Terran 

Build Orders:  

Get SALT Encoding   

  12  0:04  SCV  
  13  0:17  SCV  
  14  0:31  SCV  
  15  0:40  Factory  
  15  0:50  Supply Depot  
  15  1:20  SCV  
  16  1:33  SCV  
  17  1:40  Perdition Turret  
  17  1:47  SCV  
  18  2:01  SCV  
  18  2:02  Devastation Turret  
  19  2:14  Supply Depot, SCV  
  19  2:15  Perdition Turret  
  20  2:28  SCV  
  21  2:41  Perdition Turret, SCV  
  22  2:59  Devastation Turret  
  22  3:02  Devastation Turret  
  22  3:12  SCV  
  23  3:25  SCV  
  23  3:28  Devastation Turret  
  24  3:39  SCV  
  25  3:41  Perdition Turret  
  25  3:52  Perdition Turret, Devastation Turret  
  25  3:53  Perdition Turret  
  25  3:55  Perdition Turret  
  25  3:57  Perdition Turret  
  25  3:58  Perdition Turret  
  25  4:08  Devastation Turret  
  25  4:18  Supply Depot, SCV  
  26  4:30  Perdition Turret  
  26  4:32  SCV  
  27  4:46  SCV  
  27  4:48  Devastation Turret  
  28  4:54  Supply Depot  
  28  4:59  SCV  
  28  5:02  Refinery  
  29  5:13  SCV  
  30  5:26  SCV  
  30  5:28  Armory  
  31  5:40  SCV  
  32  5:53  SCV  
  33  6:08  Devastation Turret  
  33  6:17  Refinery  
  33  6:26  SCV  
  34  6:39  SCV  
  34  6:48  Engineering Bay  
  35  6:53  SCV  
  36  7:06  Supply Depot, SCV  
  37  7:17  Upgrade Laser Drill Level 1  
  37  7:20  SCV  
  37  7:23  Supply Depot  
  38  7:30  Spinning Dizzy  
  38  7:34  Spinning Dizzy, SCV  
  39  7:50  Devastation Turret  
  39  7:58  Spinning Dizzy  
  39  8:12  Spinning Dizzy  
  39  8:23  Perdition Turret x2  
  39  8:27  Perdition Turret  
  39  8:28  Perdition Turret  
  38  8:35  Perdition Turret  
  37  8:43  Starport  
  37  8:48  Starport  
  37  8:51  Advanced Optics  
  37  9:20  Fire-Suppression Systems  
  37  9:34  Devastation Turret  
  37  9:48  Spinning Dizzy  
  37  9:52  Starport Tech Reactor  
  37  10:13  Starport Tech Reactor, Perdition Turret  
  37  10:15  Perdition Turret  
  37  10:17  Perdition Turret  
  37  10:18  Perdition Turret  
  36  10:51  Regenerative Bio-Steel  
  36  11:08  Upgrade Laser Drill Level 2  
  36  11:20  Perdition Turret  
  36  11:21  Perdition Turret  
  36  11:22  Perdition Turret  
  36  11:59  Science Vessel  
  38  12:35  KMC Auto-Loaders  
  38  12:53  Wraith  
  38  12:54  Wraith  
  42  13:02  Supply Depot  
  42  13:18  Supply Depot  
  42  13:24  Wraith  
  42  13:25  Wraith  
  46  13:32  Supply Depot  
  46  13:33  Wraith  
  46  13:38  Perdition Turret x3  
  48  13:47  Perdition Turret  
  48  13:52  Supply Depot  
  48  13:56  Perdition Turret  
  40  15:36  Wraith  
  40  15:37  Wraith x3  
  48  15:50  SCV  
  49  16:03  SCV  
  50  16:14  Devastation Turret  
  50  16:16  Wraith  
  50  16:17  Wraith x3, SCV  
  59  16:30  SCV  
  59  16:34  Devastation Turret  
  59  16:35  Structure Armor  
  60  16:44  SCV  
  60  16:49  Terran Vehicle and Ship Weapons Level 1  
  61  16:55  Devastation Turret  
  61  16:56  Wraith  
  61  16:57  Wraith x2  
  67  17:14  Perdition Turret x2  
  67  17:17  Devastation Turret  
  60  17:35  Hi-Sec Auto Tracking  
  43  18:07  Wraith  
  43  18:08  Wraith x3  
  45  18:47  Wraith x2  
  49  18:55  Science Vessel  
  51  19:01  Wraith  
  53  19:28  Devastation Turret  
  53  19:32  Devastation Turret  
  53  19:34  Devastation Turret  
  53  19:54  Devastation Turret  
  48  20:32  Perdition Turret  
  48  20:33  Perdition Turret  
  48  20:34  Perdition Turret  
  48  20:42  Science Vessel  
  48  20:43  Wraith  
  48  20:48  Wraith x2  
  56  21:14  SCV  
  57  21:23  Wraith  
  57  21:27  SCV  
  57  21:28  Wraith  
  62  21:33  Spinning Dizzy  
  62  21:35  Devastation Turret  
  62  21:38  Devastation Turret  
  62  21:39  Devastation Turret  
  62  21:41  Devastation Turret, SCV  
  62  21:45  Devastation Turret  
  63  22:00  Wraith x2  
  63  22:02  Spinning Dizzy  
  63  22:03  Wraith  
  63  22:08  Wraith  
  71  22:21  Devastation Turret  
Tags
 
Commander
RaynorSwann
Matchup
Co-op
Replay Pack
Multiplayer
Add a new tag
Caveats
  • Supply blocks, unpowered buildings, or Contaminate may cause inaccurate times.
  • Supply counts are checked every 10 seconds.